 Dungeon Crawl Stone Soup version 0.24.0-13-gcf9b319 (webtiles) character file.

Game seed: 16319848610526582484, levelgen mode: deterministic

95 Fang the Skirmisher (level 4, -2/43 HPs)
             Began as a Gargoyle Berserker on Nov 11, 2019.
             Was a Believer of Trog.
             Slain by an iguana (9 damage)
             ... on level 3 of the Dungeon.
             The game lasted 00:01:09 (1465 turns).

Fang the Skirmisher (Gargoyle Berserker)            Turns: 1465, Time: 00:01:10

Health: -2/43      AC:  8    Str: 26    XL:     4   Next: 66%
Magic:  4/4        EV: 12    Int:  8    God:    Trog [**....]
Gold:   71         SH:  0    Dex:  9    Spells: 3/3 levels left

rFire    . . .     SeeInvis .   a - +0 hand axe
rCold    . . .     Gourm    .   (no shield)
rNeg     + . .     Faith    .   b - +0 animal skin
rPois    ∞         Spirit   .   (no helmet)
rElec    +         Reflect  .   (no cloak)
rCorr    .         Harm     .   k - +1 pair of gloves
MR       .....                  (no boots)
Stlth    ..........             (no amulet)
HPRegen  0.14/turn              (no ring)
MPRegen  0.09/turn              (no ring)

@: berserking, very quick
A: negative energy resistance 1, electricity resistance, unbreathing,
petrification resistance, rot immunity, AC +3
a: Berserk, Trog's Hand, Renounce Religion


You were on level 3 of the Dungeon.
You worshipped Trog.
Trog was pleased with you.
You were hungry.

You visited 1 branch of the dungeon, and saw 3 of its levels.

You collected 71 gold pieces.

Inventory:

Hand Weapons
 a - a +0 hand axe (weapon)
Armour
 b - a +0 animal skin (worn)
 k - a +1 pair of gloves (worn)
Scrolls
 f - a scroll of enchant armour {unknown}
 i - 5 scrolls of identify {unknown}
 o - a scroll of teleportation {unknown}
Potions
 e - 5 potions of heal wounds {unknown}
 g - 2 potions of might {unknown}
 h - a potion of cancellation {unknown}
 j - a potion of agility {unknown}
 l - a potion of lignification {unknown}
 m - a potion of haste {unknown}
 n - 2 potions of mutation {unknown}
 p - a potion of flight {unknown}
Comestibles
 c - 7 rations
 d - 17 chunks of flesh


   Skills:
 + Level 4.0 Fighting
 + Level 3.3 Axes
 + Level 3.2 Armour
 + Level 2.3 Dodging


You had 3 spell levels left.
You didn't know any spells.
Your spell library was empty.

Dungeon Overview and Level Annotations

Branches:
Dungeon (3/15)

Altars:


Innate Abilities, Weirdness & Mutations

You are resistant to torment.
Your stone body is resilient. (AC +3)
You are immune to poison.
You resist negative energy. (rN+)
You are resistant to electric shocks. (rElec)
You can survive without breathing.
You are immune to petrification.
You are immune to rotting.


Message History

The iguana is severely wounded.
The iguana closely misses you. The iguana misses you.
You hit the iguana.
The iguana is almost dead.
The iguana misses you.
You closely miss the iguana.
The iguana is almost dead.
The iguana barely misses you.
You hit the iguana but do no damage.
The iguana is almost dead.
The iguana bites you!
* * * LOW HITPOINT WARNING * * *
You are too injured to fight recklessly!
You are too injured to fight recklessly!
You are too injured to fight recklessly!
A red film seems to cover your vision as you go berserk!
You feel yourself moving faster!
You feel mighty!
You are feeling hungry.
The iguana bites you!
You die...

#. #.. .>. ..#
#.# #.. #.# #.#
#.# #.# #.# #.#
#.###.#######
###...........#
#.!@###.#####.#
#.#l# #.# #.# #
#.# #.# #.#
#### #.# #.#
#.# #..) #.#
#.# #.###.##
..# #.# #.....#
..# #.# #######
.## #.#


You could see an iguana.

Vanquished Creatures
  4 adders
  An ooze (D:1)
  A worm (D:2)
  5 bats
  2 giant cockroaches (D:1)
  7 goblins
  8 hobgoblins
  7 jackals
  A ball python (D:2)
  2 frilled lizards
  4 kobolds
  8 rats
50 creatures vanquished.

Notes
Turn   | Place    | Note
-------+----------+-------------------------------------------
     0 | D:1      | Fang the Gargoyle Berserker began the quest for the Orb.
     0 | D:1      | Reached XP level 1. HP: 14/14 MP: 1/1
   103 | D:1      | Reached XP level 2. HP: 19/19 MP: 2/2
   600 | D:1      | Reached XP level 3. HP: 21/23 MP: 3/3
   673 | D:2      | Reached ** piety under Trog
  1112 | D:2      | Reached XP level 4. HP: 26/29 MP: 4/4
  1354 | D:3      | Reached skill level 4 in Fighting
  1465 | D:3      | Slain by an iguana

Levels and vault maps discovered:
D:1:      saegor_arrival_simple_b, layout_basic, grunt_decor_one_mirror,
          hangedman_decor_points
D:2:      layout_loops_cross
D:3:      layout_loops_ring, first_ration

Skill      XL: |  1  2  3  4 |
---------------+-------------+-----
Axes           | 3 |  3.3
Dodging        | 2 |  2.3
Armour         | 3 |  3.2
Fighting       | 4 |  4.0

Action                   |  1- 3 |  4- 6 || total
-------------------------+-------+-------++-------
Melee: Hand axe          |   112 |    72 ||   184
Invok: Berserk           |       |     1 ||     1
  Eat: Chunk             |     1 |     1 ||     2
Armor: Animal skin       |    50 |    33 ||    83
Dodge: Dodged            |    84 |    62 ||   146
